Map: Hielo y cromo EE

Players

Kyoumadess

  • Race: Terran Terran
  • League: Platinum
  • Spawn Location: 7:00

MrFercho - Winner!

  • Race: Zerg Zerg
  • League: Gold
  • Spawn Location: 1:00

VOD

Have the link to the VOD?

Description

Time

  • Played on: Aug. 6, 2020, 10:51 p.m.
  • Length: 14:02
Show
View Real Time Build Order
Export as new Build Order

Kyoumadess Terran 

Build Orders: 2 Factory 

Get SALT Encoding   

  12  0:00  SCV  
  13  0:15  Supply Depot  
  13  0:18  SCV  
  14  0:26  Refinery  
  14  0:33  SCV  
  15  0:45  Barracks  
  15  0:50  SCV  
  16  1:02  SCV  
  17  1:14  SCV  
  18  1:27  SCV  
  19  1:37  Factory  
  19  1:39  SCV  
  20  1:51  SCV  
  20  1:52  Barracks Reactor  
  21  1:58  Refinery  
  21  2:03  SCV  
  21  2:07  Supply Depot  
  22  2:15  SCV  
  23  2:25  Factory Tech Lab  
  23  2:29  SCV  
  24  2:32  Factory  
  24  2:36  Marine  
  24  2:37  Marine  
  26  2:55  Command Center  
  26  3:23  Hellion x2  
  30  3:27  Starport  
  30  3:28  Barracks Reactor  
  30  3:31  Armory  
  30  3:33  Orbital Command  
  30  4:06  Supply Depot  
  30  4:07  Hellion x2  
  34  4:20  Orbital Command  
  34  4:23  Bunker  
  34  4:26  Widow Mine  
  34  4:28  Supply Depot, Infernal Pre-Igniter  
  36  4:38  SCV  
  37  4:47  Hellion  
  37  4:50  SCV  
  37  4:51  SCV  
  41  4:59  Supply Depot  
  41  5:02  SCV  
  41  5:03  SCV  
  43  5:13  Supply Depot  
  43  5:14  SCV  
  43  5:15  Medivac x2  
  43  5:16  SCV  
  49  5:26  SCV  
  49  5:28  SCV  
  51  5:36  Supply Depot  
  51  5:38  SCV  
  51  5:40  SCV, Siege Tank  
  56  5:46  Smart Servos  
  56  5:54  Supply Depot  
  56  6:03  Supply Depot  
  56  6:08  Widow Mine x2  
  56  6:09  SCV x2  
  62  6:17  Refinery x2  
  62  6:21  SCV x2  
  64  6:33  SCV  
  59  7:19  SCV x2  
  61  7:30  Command Center  
  61  7:31  SCV x2  
  61  7:35  Liberator x2  
  69  7:38  Siege Tank  
  69  7:41  Hellion x2  
  69  7:43  SCV x2  
  78  7:49  Starport  
  78  8:01  Factory  
  78  8:02  Hellion  
  80  8:10  Siege Tank  
  83  8:27  Starport Tech Lab  
  83  8:37  Fusion Core  
  83  8:41  Armory  
  83  8:42  Terran Vehicle Weapons Level 1  
  83  9:37  Factory Tech Lab  
  83  9:40  Viking x2  
  87  9:54  Bunker  
  87  10:07  Battlecruiser  
  87  10:11  Starport  
  87  10:12  Terran Ship Weapons Level 1  
  93  10:16  Supply Depot  
  93  10:24  Orbital Command  
  93  10:31  Bunker  
  93  10:36  Siege Tank x2  
  93  10:38  Supply Depot  
  99  11:01  SCV x3  
  102  11:10  Refinery  
  102  11:13  SCV x3  
  102  11:15  Supply Depot  
  102  11:16  Starport Tech Lab  
  105  11:25  SCV x3, Factory  
  108  11:26  Battlecruiser  
  114  11:37  Supply Depot  
  114  12:00  Weapon Refit  
  114  12:05  Battlecruiser  
  114  12:08  Starport  
  120  12:13  Supply Depot  
  120  12:22  Refinery  
  118  12:30  Battlecruiser  
  118  12:36  Supply Depot  
  124  12:46  Thor x2  
  70  13:48  Factory Tech Lab  
Show
View Real Time Build Order
Export as new Build Order

MrFercho Zerg - Winner!

Build Orders: Hatch First 

Get SALT Encoding   

  12  0:00  Drone  
  13  0:13  Overlord  
  13  0:23  Drone  
  14  0:31  Drone x2  
  16  0:51  Hatchery  
  16  0:54  Drone  
  16  0:58  Drone  
  16  1:00  Drone  
  18  1:12  Extractor  
  18  1:16  Spawning Pool  
  18  1:18  Drone  
  17  1:22  Drone  
  18  1:29  Drone  
  19  1:39  Drone  
  20  1:52  Overlord  
  20  2:03  Queen x2  
  20  2:05  Zergling x4  
  26  2:16  Drone x2  
  26  2:22  Overlord  
  28  2:26  Drone  
  29  2:33  Drone  
  29  2:35  Drone  
  31  2:45  Drone  
  31  2:49  Overlord  
  32  3:04  Overlord x2  
  32  3:22  Drone x8  
  32  3:26  Lair  
  40  3:29  Queen  
  42  3:36  Roach Warren  
  41  3:46  Evolution Chamber  
  40  3:50  Evolution Chamber  
  40  3:53  Drone x6  
  40  3:54  Extractor x2  
  43  3:55  Overlord  
  43  3:57  Drone  
  44  4:04  Queen  
  46  4:41  Drone x3  
  46  4:43  Drone  
  50  5:04  Pneumatized Carapace  
  50  5:11  Drone  
  50  5:12  Hydralisk Den, Drone x2  
  52  5:20  Roach x8  
  68  5:22  Overlord x2  
  68  5:23  Zerg Missile Weapons Level 1  
  68  5:24  Glial Reconstitution  
  68  5:28  Hatchery  
  67  5:43  Metabolic Boost  
  67  5:47  Grooved Spines  
  67  5:54  Drone x8  
  75  6:01  Hatchery  
  74  6:04  Hydralisk  
  76  6:13  Spore Crawler, Drone  
  76  6:19  Spore Crawler  
  75  6:28  Hydralisk x4  
  75  6:30  Overlord x2  
  83  6:50  Queen  
  85  6:59  Muscular Augments  
  83  7:18  Drone x3, Extractor  
  83  7:19  Drone  
  83  7:21  Drone x3  
  89  7:30  Zerg Missile Weapons Level 2  
  89  7:32  Zerg Ground Armor Level 1  
  89  7:34  Drone  
  89  7:35  Drone x12  
  102  7:38  Extractor  
  102  7:40  Extractor  
  100  7:45  Infestation Pit  
  99  7:56  Lurker Den, Drone x2  
  99  7:58  Spire  
  99  8:19  Overlord x2  
  99  8:31  Hydralisk x5  
  99  8:32  Hydralisk  
  111  8:44  Spore Crawler  
  111  8:47  Drone x3  
  113  8:49  Drone  
  113  8:52  Overlord  
  113  8:53  Overlord x2  
  114  9:06  Hydralisk  
  114  9:07  Hydralisk x2  
  114  9:08  Overlord x3  
  114  9:09  Overlord  
  120  9:35  Hydralisk x12  
  120  9:36  Hydralisk x3  
  149  9:42  Hive  
  149  9:52  Zerg Ground Armor Level 2  
  149  10:04  Spore Crawler  
  148  10:08  Hydralisk x5  
  158  10:17  Lurker  
  159  10:32  Drone x12  
  171  10:37  Queen  
  173  10:47  Hatchery  
  172  10:55  Zerg Missile Weapons Level 3  
  172  11:02  Overseer  
  172  11:10  Overlord x2  
  172  11:11  Overlord x3  
  172  11:13  Overlord x2  
  172  11:16  Extractor  
  172  11:18  Extractor  
  170  11:24  Seismic Spines  
  170  11:27  Greater Spire  
  170  11:30  Corruptor x3  
  170  11:31  Corruptor  
  178  11:36  Lurker x2  
  180  11:40  Zergling x2  
  180  11:41  Zergling x34  
  196  12:21  Adaptive Talons  
  170  12:41  Hydralisk x15  
  200  13:05  Overlord x2  
  183  13:29  Hydralisk x10  
Tags
 
Add a new tag
Caveats
  • Supply blocks, unpowered buildings, or Contaminate may cause inaccurate times.
  • Supply counts are checked every 10 seconds.